[Event "*** Qualifier 1: Titled Tuesday 3|2 Blitz"]
[Site "Chess.com"]
[Date "2017.04.04"]
[Round "3"]
[White "FLchessplayer"]
[Black "AndrewMcStone"]
[Result "1-0"]
[WhiteElo "2029"]
[BlackElo "2008"]
[TimeControl "180+2"]
[EndTime "13:39:00 PDT"]
[Termination "FLchessplayer won on time"]

1. d4 Nf6 2. Nf3 g6 3. Bf4 d6 4.
Qc1 h6 5. h3 Bg7 6. Nc3 c5 7.
dxc5 dxc5 8. e4 Nc6 9. Bb5 g5 10.
Be3 Qb6 11. O-O Bd7 12. a4 O-O-O 13. Nd5 Nxd5 14. exd5 Nd4 15. Bxd4 cxd4 16. Bc4 g4 17. hxg4 Bxg4 18. Qf4 Bxf3 19. Qxf3 Qc5 20. b3 Bf6 21. Rae1 Rhg8 22. Re4 Rg5 23. Rf4 Rdg8 24. g3 h5 25. Kh1 Be5 26. Rh4 Qd6 27. Qxf7 Bxg3 28. Rh3 Bxf2 29. Qe6+ Qxe6 30. dxe6 Be3 31. Rhf3 Rg1+ 32.
Rxg1 Rxg1+ 33. Kh2 Rc1 34. Bd3 Bg5 35. Rf5 Bf6 36.
Rxh5 Kc7 37. Rd5 Kc6 38. Rd7 b6 39. Kg3 a5 40. Kf3 Kc5 41. Ke4 Re1+ 42. Kf5 Rf1+ 43. Kg6 Rg1+ 44. Kf7 Rg7+ 45. Kf8 Rh7 46. Kg8 Rh8+ 47.
Kf7 Kc6 48. Bb5+ Kc5 49. Rxe7 Bxe7 50. Kxe7 1-0

[Event "*** Qualifier 1: Titled Tuesday 3|2 Blitz"]
[Site "Chess.com"]
[Date "2017.04.04"]
[Round "3"]
[White "Zlatan56"]
[Black "GMMelik"]
[Result "1-0"]
[WhiteElo "2647"]
[BlackElo "2474"]
[TimeControl "180+2"]
[EndTime "13:39:05 PDT"]
[Termination "Zlatan56 won by resignation"]

1. Nf3 Nf6 2. g3 g6 3. b3 Bg7 4. Bb2 O-O 5. Bg2 d5 6. c4 c6 7.
O-O Bg4 8. d4 Bxf3 9. Bxf3 e6 10. Nd2 Nbd7 11. e3 h5 12. Bg2 Nh7 13. e4 dxc4 14. Nxc4 Nb6 15. Na5 Rb8 16. b4 Qe7 17.
Qb3 Rfd8 18. Rad1 a6 19. a3 Na8 20. Qe3 Nc7 21. Nb3 Nb5 22. Rd3 Nd6 23. Rc1 h4 24. Ba1 Nb5 25. Nc5 hxg3 26. hxg3 Qg5 27.
Qxg5 Nxg5 28. Rcd1 Nh7 29. d5 Bxa1 30. Rxa1 cxd5 31.
exd5 exd5 32. Rxd5 Rxd5 33. Bxd5 b6 34. Nxa6 Rd8 35.
Bc4 Nd4 36. Kg2 Ng5 37. Rd1 Kf8 38. Nc7 Rd6 39. Rd3 f5 40. Nb5 Nxb5 41. Bxb5 Rxd3 42. Bxd3 Ke7 43. a4 Kd6 44. f4 Ne6 45. a5 bxa5 46. bxa5 Kc5 47. a6 Kb6 48. Kf3 Nc5 49. Ke3 Nd7 50. Be2 Nf6 51. Kd4 Nd7 52. Kd5 Nc5 53.
Bf3 Nd3 54. Ke6 Kxa6 55. Be2 1-0

[Event "*** Qualifier 1: Titled Tuesday 3|2 Blitz"]
[Site "Chess.com"]
[Date "2017.04.04"]
[Round "3"]
[White "ruvat"]
[Black "jeaston1"]
[Result "1-0"]
[WhiteElo "2245"]
[BlackElo "2153"]
[TimeControl "180+2"]
[EndTime "13:39:16 PDT"]
[Termination "ruvat won by resignation"]

1. d4 d5 2. c4 dxc4 3. Nf3 Nf6 4.
Qa4+ Nbd7 5. Nc3 e6 6. e4 c6 7. Qxc4 Nb6 8. Qb3 Be7 9. Be2 O-O 10. O-O Qc7 11. Bg5 h6 12. Bh4 Rd8 13. Bg3 Qd7 14.
Rfd1 Qe8 15. a4 Nbd7 16. a5 c5 17. Bc7 cxd4 18. Bxd8 dxc3 19. Bxe7 cxb2 20. Bxf6 bxa1=Q 21. Bxa1 b6 22. Qc3 f6 23. Qc6 Rb8 24. Bc4 Kf7 25.
Nd4 Nc5 26. Qxe8+ Kxe8 27. Bb5+ Bd7 28. Bxd7+ Kxd7 29. axb6 Rxb6 30. Nf5+ Kc7 31. Nxg7 Nxe4 32. f3 Nd6 33. Nxe6+ Kb7 34. Bxf6 Nc4 35. Nc5+ Kc6 36. Ne4 Kb7 37. Bd4 Rc6 38. Rb1+ Kc8 39. Bxa7 Na3 40.
Ra1 Nb5 41. Be3 Nc7 42. Rc1 Rxc1+ 43. Bxc1 Kd7 44. Bxh6 Ke6 45. g4 Nd5 46. Bd2 Kf7 47. h4 Ne7 48. h5 Kg8 49. Kg2 Kh7 50. Kg3 Kg7 51. f4 Kh7 52. f5 Kg8 53. h6 Nd5 54. g5 Ne7 55. Kg4 Kh7 56. Bc3 Kg8 57. Nf6+ Kh8 58.
Nd5+ Kh7 59. g6+ Nxg6 60. fxg6+ Kxg6 61. Bg7 Kh7 62. Nf6+ Kg6 63. Kf4 Kf7 64. Kf5 1-0

[Event "*** Qualifier 1: Titled Tuesday 3|2 Blitz"]
[Site "Chess.com"]
[Date "2017.04.04"]
[Round "3"]
[White "Keaton87"]
[Black "Sven_Tica"]
[Result "1-0"]
[WhiteElo "2488"]
[BlackElo "2419"]
[TimeControl "180+2"]
[EndTime "13:39:27 PDT"]
[Termination "Keaton87 won by resignation"]

1. d4 d5 2. Bf4 e6 3. Nf3 Bd6 4. Bg3 Qe7 5. e3 Bxg3 6. hxg3 Qb4+ 7. Nbd2 Qxb2 8. Bd3 Nf6 9. Ne5 Nbd7 10. f4 Qc3 11. Ke2 c5 12. Nxd7 Bxd7 13. dxc5 Qxc5 14. c4 Ng4 15. Qg1 dxc4 16. Nxc4 b5 17. Nd2 Nf6 18. e4 Qxg1 19. Raxg1 Ke7 20. Rb1 Rab8 21. e5 Nd5 22.
Rb2 Nc3+ 23. Ke3 g6 24. Ne4 Nxe4 25. Bxe4 Rhc8 26. Rxh7 Kf8 27. Bxg6 Be8 28. Be4 Rc3+ 29. Kf2 a5 30. Rh1 b4 31. Re1 Rbc8 32. Re3 Bb5 33. Rxc3 Rxc3 34. Rc2 Rxc2+ 35. Bxc2 Bc4 36. Bb1 a4 37. Ke3 b3 38. a3 Bd5 39. Kd4 Bxg2 40. Kc3 Kg7 41. Bd3 Bc6 42. g4 Kh6 43. Be2 Kg7 44.
Bd3 Kh6 45. Be2 Kg7 46. Bd1 f6 47. exf6+ Kxf6 48. Be2 e5 49. g5+ Kf5 50. fxe5 Kxe5 51. Bd3 Be8 52. Bb1 Ke6 53. Kb4 Kf7 54. Bd3 Kg7 55. Kc3 Bg6 56. Bb5 b2 57. Kxb2 Be4 58.
Be8 Bd5 59. Kc3 Bb3 60. Kb4 Bd1 61. Bxa4 Bf3 62. Bc2 Bd5 63. a4 1-0

[Event "*** Qualifier 1: Titled Tuesday 3|2 Blitz"]
[Site "Chess.com"]
[Date "2017.04.04"]
[Round "3"]
[White "FairChess_on_YouTube"]
[Black "Gabix_94"]
[Result "1/2-1/2"]
[WhiteElo "2724"]
[BlackElo "2510"]
[TimeControl "180+2"]
[EndTime "13:39:33 PDT"]
[Termination "Game drawn by repetition"]

1. d4 Nf6 2. c4 c5 3. Nf3 cxd4 4.
Nxd4 e6 5. g3 d5 6. Bg2 e5 7.
Nf3 d4 8. O-O Nc6 9. e3 Bc5 10.
exd4 exd4 11. Re1+ Be6 12. Bg5 O-O 13. Nbd2 h6 14. Nb3 Bb4 15. Bd2 Bxc4 16. Nfxd4 Nxd4 17. Bxb4 Ne2+ 18. Kh1 Ng4 19. Bc5 b6 20. Be3 Re8 21.
Rxe2 Qxd1+ 22. Rxd1 Bxe2 23. Re1 Bc4 24. Bxa8 Rxa8 25.
h3 Ne5 26. Nd2 Bxa2 27. b3 Nd3 28. Ra1 Nb4 29. Nc4 Bxb3 30. Nxb6 Re8 31. Rxa7 Nd5 32. Nxd5 Bxd5+ 33. Kh2 Be6 34. g4 Rd8 35. Kg3 Rd7 36. Ra5 Kh7 37. h4 Rd5 38. Ra4 h5 39. g5 Kg6 40.
Rb4 Re5 41. Rd4 Bf5 42. Rd6+ Re6 43. Rd8 Re4 44. Bf4 Rc4 45. Rg8 Rc3+ 46. f3 Rc5 47.
Be3 Rd5 48. Bc1 Kh7 49. Rf8 Kg6 50. Bb2 Rb5 51. Ba1 Ra5 52. Bd4 Rd5 53. Bb2 Rb5 54. Bd4 Rd5 55. Be3 Be6 56. Rg8 Rd3 57. Kf4 Kh7 58. Rb8 Rb3 59. Rxb3 Bxb3 60. Ke5 Bd1 61. f4 g6 62. Kf6 Kg8 63. Bc5 Bc2 64. Bd6 Bf5 65. Be7 Be6 66. Bd6 Bf5 67. Be7 Be6 68. Bd6 Bf5 69. Be7 Be6 70. Bd6 Bf5 1/2-1/2

[Event "*** Qualifier 1: Titled Tuesday 3|2 Blitz"]
[Site "Chess.com"]
[Date "2017.04.04"]
[Round "3"]
[White "Gulkov_Igor"]
[Black "stefanodinn"]
[Result "1/2-1/2"]
[WhiteElo "2311"]
[BlackElo "2194"]
[TimeControl "180+2"]
[EndTime "13:39:35 PDT"]
[Termination "Game drawn by stalemate"]

1. Nf3 Nf6 2. c4 e6 3. Nc3 d5 4. d4 Be7 5. Bg5 O-O 6. e3 Ne4 7. Bxe7 Qxe7 8. Rc1 c6 9. Bd3 Nxc3 10. Rxc3 dxc4 11. Rxc4 Nd7 12. Qc2 g6 13. O-O e5 14.
dxe5 Nxe5 15. Nxe5 Qxe5 16. Rd4 Be6 17. Rd1 Rac8 18.
Bc4 Rfe8 19. Bxe6 Qxe6 20. Qa4 a6 21. h4 Re7 22. h5 Rce8 23. hxg6 hxg6 24. Rd6 Qe5 25.
Qd4 Kg7 26. Qxe5+ Rxe5 27. Rd7 R8e7 28. Kf1 Rxd7 29. Rxd7 Rb5 30. b3 Kf6 31. Ke2 Ke6 32.
Rd4 a5 33. Kd3 Rd5 34. e4 Rxd4+ 35. Kxd4 b6 36. f4 f6 37. a4 Kd6 38. Kc4 Ke6 39. b4 axb4 40. Kxb4 Kd6 41. g3 Ke6 42. a5 bxa5+ 43.
Kxa5 Kd6 44. Kb6 Kd7 45. Kc5 Kc7 46. Kc4 Kd6 47. Kd4 c5+ 48. Kc4 Kc6 49. e5 f5 50. e6 Kd6 51. e7 Kxe7 52. Kxc5 Ke6 53. Kc6 Kf6 54. Kd6 g5 55. Kd5 gxf4 56. gxf4 Kf7 57.
Ke5 Kg6 58. Ke6 Kg7 59. Kxf5 Kf7 60. Ke5 Ke7 61. f5 Kf7 62. f6 Kf8 63. Ke6 Ke8 64. f7+ Kf8 65. Kf6 1/2-1/2

[Event "*** Qualifier 1: Titled Tuesday 3|2 Blitz"]
[Site "Chess.com"]
[Date "2017.04.04"]
[Round "3"]
[White "Usurpov"]
[Black "twitchTriniCupid"]
[Result "0-1"]
[WhiteElo "2252"]
[BlackElo "2156"]
[TimeControl "180+2"]
[EndTime "13:39:39 PDT"]
[Termination "twitchTriniCupid won by resignation"]

1. e4 c6 2. d4 d5 3. Nc3 dxe4 4.
Nxe4 Bf5 5. Ng3 Bg6 6. Nf3 Nd7 7. h4 h6 8. h5 Bh7 9. Bd3 Bxd3 10. Qxd3 e6 11.
Bd2 Ngf6 12. Ne4 Be7 13. O-O-O O-O 14. Kb1 Nxe4 15. Qxe4 Nf6 16. Qe2 Qd5 17. Ne5 Qe4 18. Be3 Nd5 19. Rhe1 c5 20. Qf1 cxd4 21. Bxd4 Qf5 22. g4 Qf4 23. Qg2 Rac8 24. c4 Nf6 25. Bc3 Bc5 26. Qxb7 Bxf2 27. Re2 Bc5 28. Qf3 Qxf3 29.
Nxf3 Nxg4 30. b4 Be3 31. c5 Rfd8 32. Rde1 Bf2 33. Rf1 Be3 34. Rfe1 Bf2 35. Rf1 Be3 36.
Rg2 f5 37. Re2 Rd5 38. Kc2 Rcd8 39. Rfe1 f4 40. Rf1 e5 41. Rfe1 e4 42. Nh4 Rxh5 43. Ng6 Kf7 44. Rg2 Kxg6 45. Rxg4+ Kf5 46. Rxg7 Rh2+ 47.
Kb3 a5 48. a3 axb4 49. axb4 Rd3 50. Rf7+ Ke6 51. Rf6+ Ke7 52. Rf5 Rxc3+ 53. Kxc3 Bd2+ 54. Kc4 Bxe1 55. Re5+ Kf6 56. Rxe4 Bg3 57. c6 Kf5 58. Re8 f3 59. Rf8+ Kg4 60. Rg8+ Kh3 61. Kc3 Rh1 62. Kd2 f2 63. Rxg3+ Kxg3 64. c7 f1=Q 65.
c8=Q Qf4+ 0-1

[Event "*** Qualifier 1: Titled Tuesday 3|2 Blitz"]
[Site "Chess.com"]
[Date "2017.04.04"]
[Round "3"]
[White "nihalsarin"]
[Black "daro94"]
[Result "0-1"]
[WhiteElo "2538"]
[BlackElo "2713"]
[TimeControl "180+2"]
[EndTime "13:39:42 PDT"]
[Termination "daro94 won by resignation"]

1. d4 Nf6 2. c4 e6 3. Nc3 Bb4 4.
Qc2 O-O 5. Nf3 c5 6. dxc5 Na6 7.
g3 Nxc5 8. Bg2 b6 9. O-O Bb7 10.
Nb5 Be4 11. Qd1 Nb7 12. Bf4 a6 13. Nd6 Bxd6 14. Bxd6 Nxd6 15. Qxd6 Qb8 16. Rfd1 Rc8 17. Ne5 Bxg2 18. Kxg2 Qb7+ 19. f3 Rc7 20. b3 Ne8 21. Qd4 d6 22. Ng4 Rac8 23. e4 Rc5 24. Ne3 h5 25. h4 Qe7 26. b4 R5c6 27. a4 a5 28. bxa5 bxa5 29. Rab1 Rc5 30. Rb5 g6 31. Rdb1 Qd8 32. e5 Rxe5 33. Rxe5 dxe5 34. Qxd8 Rxd8 35. Rb5 Rd2+ 36. Kf1 e4 37. fxe4 Nd6 38. Rxa5 Nxe4 39. Ke1 Ra2 40. Nf1 Rc2 41. Re5 f5 42. a5 Kf7 43. Ne3 Ra2 44. Kd1 Nc3+ 45. Kc1 Kf6 46. Rc5 Ne2+ 47. Kb1 Nc3+ 48. Kc1 Ke7 49. Nc2 Kd6 50. Rc8 Rxa5 51. Rg8 Ne4 52. Rxg6 Ke5 53. Nb4 Ra4 54. Nd3+ Kd4 55. Nf4 e5 56. Nxh5 Kc3 57.
Kd1 Kd3 58. Kc1 Rxc4+ 59. Kb2 Rb4+ 60. Ka3 Rb1 61. Rg8 Nc3 62. Rd8+ Kc2 0-1

[Event "*** Qualifier 1: Titled Tuesday 3|2 Blitz"]
[Site "Chess.com"]
[Date "2017.04.04"]
[Round "3"]
[White "GM_Donatello"]
[Black "wonderfultime"]
[Result "1/2-1/2"]
[WhiteElo "2562"]
[BlackElo "2662"]
[TimeControl "180+2"]
[EndTime "13:39:43 PDT"]
[Termination "Game drawn by repetition"]

1. e4 c5 2. Nf3 d6 3. Bb5+ Nd7 4.
O-O a6 5. Bd3 Ngf6 6. Re1 e6 7.
c3 b5 8. Bc2 Bb7 9. d4 Be7 10.
Nbd2 O-O 11. Nf1 Re8 12. Ng3 Nf8 13. Bd3 Qb6 14. a4 Bc6 15. a5 Qb7 16. b4 cxb4 17. cxb4 Ng6 18. Bd2 d5 19. e5 Ne4 20. Rb1 Rac8 21.
Qe2 Nxd2 22. Qxd2 Bd7 23. Ne2 Rc4 24. g3 Rec8 25. h4 Nf8 26. Nf4 Rc3 27. Ne2 Ra3 28. Ra1 Rxa1 29. Rxa1 Rc4 30. Rb1 Rc7 31. Rc1 Be8 32.
Kg2 Nd7 33. Rc2 Rxc2 34. Bxc2 Nb8 35. Nc1 Qc7 36. Nd3 Qc4 37. Nc5 Nc6 38. Nxa6 Nxb4 39.
Nxb4 Bxb4 40. Qd1 Bxa5 41. Bd3 Qc6 42. Qa1 Bb4 43. Bxh7+ Kxh7 44. Qb1+ Kg8 45. Qxb4 Qc4 46. Qe7 Qc8 47. h5 Qd7 48. Qb4 Qd8 49. Qc5 Qb8 50. Qb4 Bc6 51. Ne1 Qd8 52. Nd3 Qg5 53.
Qc5 Qf5 54. Nf4 Bd7 55. f3 Qb1 56. h6 gxh6 57. g4 Qb2+ 58. Kg3 Qd2 59. Nh5 Qe1+ 60.
Kg2 Qe2+ 61. Kg3 Qe1+ 62. Kg2 Qe2+ 63. Kg3 Qe1+ 64. Kg2 Qe2+ 1/2-1/2

[Event "*** Qualifier 1: Titled Tuesday 3|2 Blitz"]
[Site "Chess.com"]
[Date "2017.04.04"]
[Round "3"]
[White "VerdeNotte"]
[Black "TenisMaster"]
[Result "0-1"]
[WhiteElo "2575"]
[BlackElo "2655"]
[TimeControl "180+2"]
[EndTime "13:39:45 PDT"]
[Termination "TenisMaster won by resignation"]

1. g3 d5 2. Nf3 c6 3. Bg2 Bg4 4. b3 Nd7 5. Bb2 Ngf6 6. O-O e6 7. d3 Be7 8. Nbd2 O-O 9. Qe1 a5 10. a4 b5 11. Nd4 Qb6 12. h3 Bh5 13. e4 Bc5 14. N2f3 dxe4 15. dxe4 Bg6 16. e5 Nd5 17. Qd2 Rfd8 18. axb5 cxb5 19. c4 bxc4 20. bxc4 Nb4 21. Bc3 Rac8 22. Rfe1 Nb8 23. Qg5 N8c6 24. Nxc6 Bxf2+ 25. Kh2 Nxc6 26. Re2 h6 27. Qg4 Bc5 28.
Nh4 Bd3 29. Rb2 Nb4 30. Bd2 Rd4 31. Qh5 Rxc4 32. Ra3 Rd8 33. Bxh6 gxh6 34. Qxh6 Bf8 35. Qg5+ Bg7 36. Rd2 Rcd4 37. Nf3 R4d5 38. Qf4 Qc7 39. Qh4 Bg6 40. Rf2 Nd3 41. Rf1 Nxe5 42. Nxe5 Rxe5 43.
Rc3 Qd7 44. Rcc1 Rh5 45. Qf4 Qd6 46. Rc8 Be5 47. Rxd8+ Qxd8 48. Qg4 Rg5 49. Qe2 Bxg3+ 50. Kh1 Qd3 51. Qa2 Be5 52. Rf3 Qd1+ 53. Rf1 Qc2 54. Rf2 Qxa2 55. Rxa2 Bc3 56. h4 Rg4 57. h5 Rh4+ 58.
Kg1 Rxh5 59. Ra3 Bb4 60. Ra2 Rc5 61. Kh2 Rc2 62. Ra1 Be4 0-1

[Event "*** Qualifier 1: Titled Tuesday 3|2 Blitz"]
[Site "Chess.com"]
[Date "2017.04.04"]
[Round "3"]
[White "plouarzel"]
[Black "Boryboy"]
[Result "1-0"]
[WhiteElo "2392"]
[BlackElo "2306"]
[TimeControl "180+2"]
[EndTime "13:40:04 PDT"]
[Termination "plouarzel won by resignation"]

1. d4 e6 2. e4 d5 3. Nd2 h6 4. Ngf3 Nf6 5. e5 Nfd7 6. Bd3 c5 7. c3 Nc6 8. O-O g5 9. h3 h5 10. Re1 g4 11. hxg4 hxg4 12. Nh2 g3 13. fxg3 cxd4 14.
cxd4 Nxd4 15. Ndf3 Qb6 16. Be3 Bc5 17. Qd2 Bb4 18.
Qf2 Bxe1 19. Rxe1 Nxf3+ 20. Nxf3 Qb4 21. Bd4 Qe7 22. Rc1 Nb6 23. Bc5 Qd8 24. Bd6 Bd7 25. Rf1 f5 26. exf6 Qxf6 27. Be5 Qh6 28. Bxh8 Qxh8 29. Bg6+ Kd8 30. Ng5 Qg7 31. Nf7+ Kc8 32.
Qc5+ Bc6 33. Qe7 Qd4+ 34. Kh2 Kb8 35. Nd6 Qh8+ 36. Bh7 a6 37. Rf8+ Qxf8 38. Qxf8+ Ka7 39. Qe7 Rh8 40. Kg1 d4 41. a3 Nd5 42. Qg7 Rd8 43.
Nc4 Nc7 44. Ne5 Kb6 45. Nxc6 bxc6 46. Bd3 c5 47. Qe7 Rd5 48. b3 Kc6 49. Be4 d3 50.
Kf2 d2 51. Bxd5+ exd5 52. Ke2 d4 53. Kxd2 a5 54. g4 a4 55. bxa4 c4 56. Qf6+ Kc5 57. Qe7+ Kc6 58. g5 Nd5 59. Qe6+ Kc5 60. Qc8+ Kb6 61.
Qxc4 1-0

[Event "*** Qualifier 1: Titled Tuesday 3|2 Blitz"]
[Site "Chess.com"]
[Date "2017.04.04"]
[Round "3"]
[White "Swarajan"]
[Black "alturas_pacificas"]
[Result "0-1"]
[WhiteElo "1911"]
[BlackElo "2048"]
[TimeControl "180+2"]
[EndTime "13:40:16 PDT"]
[Termination "alturas_pacificas won by checkmate"]

1. d4 d5 2. c4 c6 3. Nf3 Nf6 4.
Nc3 e6 5. Bg5 dxc4 6. e4 b5 7.
e5 h6 8. Bh4 g5 9. Nxg5 Nd5 10.
Nxd5 cxd5 11. Nf3 Bb4+ 12. Ke2 Be7 13. Bxe7 Qxe7 14. a3 Nc6 15. g3 a5 16. Bg2 b4 17.
axb4 Qxb4 18. Qc2 Ba6 19. Qc3 Rb8 20. Rhb1 Qxc3 21. bxc3 Kd7 22. Ne1 Rb5 23. Rxb5 Bxb5 24. Nc2 Rb8 25. Kd2 Kc7 26. f4 Kb6 27. f5 Nd8 28. Rb1 Ka6 29. Na3 Rb7 30. Nxb5 Rxb5 31. Rxb5 Kxb5 32. Kc2 Kc6 33. fxe6 fxe6 34. h4 Kd7 35.
Kb2 Ke7 36. Ka3 Nc6 37. Ka4 Kf7 38. h5 Ke7 39. Bf3 Nd8 40. Kxa5 Nf7 41. Kb6 Ng5 42. Bg2 Ne4 43. Ka5 Nxc3 44. Kb4 Ne2 45. g4 Nxd4 46. Kc3 Nc6 47. Kc2 Nxe5 48. Bh3 Nf7 49. Bg2 Kf6 50.
Bf3 Ne5 51. Be2 Kg5 52. Kc3 Nxg4 53. Kd4 Kf4 54. Bf1 Ne3 55. Be2 e5+ 56. Kc3 d4+ 57.
Kd2 c3+ 58. Kd3 Nf5 59. Kc2 e4 60. Bc4 Ng3 61. Ba6 Nxh5 62. Be2 Ng3 63. Ba6 h5 64. Bc8 h4 65. Kd1 Ke3 66. Bg4 d3 67. Kc1 Kd4 68.
Kd1 e3 69. Ke1 c2 70. Bd1 cxd1=Q+ 71. Kxd1 Kc3 72. Ke1 d2+ 73. Kd1 e2# 0-1

[Event "*** Qualifier 1: Titled Tuesday 3|2 Blitz"]
[Site "Chess.com"]
[Date "2017.04.04"]
[Round "3"]
[White "dolynachess"]
[Black "SmoothAsAHedgehog"]
[Result "1/2-1/2"]
[WhiteElo "2312"]
[BlackElo "2524"]
[TimeControl "180+2"]
[EndTime "13:40:49 PDT"]
[Termination "Game drawn by repetition"]

1. c4 c5 2. Nc3 g6 3. g3 Bg7 4. Bg2 Nc6 5. Nf3 d6 6. O-O Bf5 7. a3 Qd7 8. Re1 Bh3 9. Bh1 h6 10. Rb1 Nf6 11. b4 b6 12. d3 Rc8 13.
Qa4 O-O 14. Bb2 Rfd8 15. Nd2 h5 16. Nce4 Nxe4 17. Nxe4 h4 18. Ng5 Bf5 19. Bg2 hxg3 20. hxg3 Nd4 21. Qxd7 Bxd7 22. e3 Nc6 23. Bxg7 Kxg7 24.
Ne4 Bf5 25. Red1 Bxe4 26. Bxe4 Ne5 27. Kg2 Nd7 28. f4 Nf6 29. Bf3 d5 30. bxc5 Rxc5 31. cxd5 Nxd5 32. Bxd5 Rdxd5 33. Rb3 Rc2+ 34. Kf3 Rdc5 35. d4 R5c4 36. g4 Ra2 37. g5 e6 38.
Rdd3 Rac2 39. Ke4 Rc6 40. Rd1 a6 41. Ra1 R2c4 42. a4 f5+ 43. gxf6+ Kxf6 44. Rab1 Rxa4 45. Rxb6 Rxb6 46. Rxb6 Ra5 47. d5 Rxd5 48. Rxa6 Rb5 49. Kf3 Rb1 50. Ra7 Rf1+ 51. Ke4 Rc1 52. Ra8 Rc6 53.
Kf3 e5 54. Rf8+ Ke7 55. Rg8 Kf7 56. Rb8 Rc5 57. Rb6 Kg7 58. Kg4 Kf7 59. Ra6 Rc3 60.
Kf3 exf4 61. Kxf4 Rc1 62. e4 Rf1+ 63. Kg5 Rg1+ 64. Kf4 Rg2 65. e5 Rg1 66. Ra7+ Ke6 67. Ra6+ Kf7 68. Ra7+ Kf8 69. e6 Ke8 70. Ke5 Re1+ 71.
Kf6 Rf1+ 72. Ke5 Re1+ 73. Kf6 Rf1+ 74. Kxg6 Rg1+ 75. Kf6 Rf1+ 76. Ke5 Re1+ 77. Kf6 Rf1+ 78. Ke5 Re1+ 79. Kf6 Rf1+ 1/2-1/2

[Event "*** Qualifier 1: Titled Tuesday 3|2 Blitz"]
[Site "Chess.com"]
[Date "2017.04.04"]
[Round "3"]
[White "MITerryble"]
[Black "AlexanderL"]
[Result "1-0"]
[WhiteElo "2774"]
[BlackElo "2542"]
[TimeControl "180+2"]
[EndTime "13:40:52 PDT"]
[Termination "MITerryble won by resignation"]

1. d4 e6 2. Nf3 Nf6 3. c4 d5 4. e3 a6 5. Qc2 Be7 6. b3 O-O 7. Bb2 b6 8. Nbd2 Bb7 9. Bd3 c5 10. dxc5 bxc5 11. Rd1 Nc6 12. Bxf6 Bxf6 13. Bxh7+ Kh8 14. Bd3 Nb4 15. Qb1 Qa5 16. a4 Nxd3+ 17.
Qxd3 dxc4 18. Qxc4 Bd5 19. Qc2 c4 20. bxc4 Bc6 21.
O-O Qxa4 22. Rc1 Qxc2 23. Rxc2 Rfd8 24. Ra2 a5 25. Nb3 Bxf3 26. gxf3 a4 27. Nc5 a3 28. Rb1 Rdc8 29. Nd7 Be7 30. Rc1 Rc7 31. Ne5 Kg8 32. f4 Rb8 33. Rcc2 Rb3 34. Kg2 Bd6 35. Nf3 Bc5 36. Nd2 Rd3 37. Ne4 Be7 38. Ng3 f5 39. Ne2 Kf7 40. Nd4 Bc5 41. Nf3 Kf6 42. Ne5 Rb3 43. Rd2 Ke7 44. Nd3 Bd6 45. Rac2 Kf6 46. c5 Be7 47. Ne5 g5 48. c6 gxf4 49.
exf4 Rb4 50. Rd7 Rxf4 51. Rxc7 Bd6 52. Rf7+ Kxe5 53. c7 Bxc7 54. Rfxc7 Rg4+ 55. Kf3 Ra4 56. Ra2 Kd4 57. Rcc2 Kd3 58. Kg3 Rg4+ 59. Kh3 Ra4 60. Kg2 Rg4+ 61. Kf1 Ra4 62. Re2 Kc3 63. Rxe6 Kb3 64.
Ree2 Rh4 65. Kg2 Rg4+ 66. Kf1 Rh4 67. f3 Rc4 68. Kg2 Rc8 69. Kg3 Rc4 70. h4 Ra4 71. h5 Ra8 72. Rh2 Rh8 73. Kf4 Rxh5 74. Rxa3+ 1-0

[Event "*** Qualifier 1: Titled Tuesday 3|2 Blitz"]
[Site "Chess.com"]
[Date "2017.04.04"]
[Round "3"]
[White "Schemato"]
[Black "hypert"]
[Result "0-1"]
[WhiteElo "2240"]
[BlackElo "2274"]
[TimeControl "180+2"]
[EndTime "13:40:54 PDT"]
[Termination "hypert won by resignation"]

1. c4 e5 2. g3 Nf6 3. Bg2 d6 4. Nc3 Nbd7 5. e4 Be7 6. Nge2 O-O 7.
O-O c6 8. d3 a5 9. h3 Rb8 10. a4 Nc5 11. Be3 Ne8 12. Rb1 Nc7 13. f4 b6 14. Kh2 Bd7 15. b4 axb4 16. Rxb4 N7e6 17. f5 Nc7 18. Qb1 N7a6 19. Rb2 h6 20. h4 Qc7 21. Bh3 Rb7 22. Nc1 Rfb8 23. Nb3 Nxb3 24.
Rxb3 Nc5 25. Rb2 Qd8 26. Qc2 Bc8 27. Rfb1 Qc7 28. Qd2 Qd8 29. Qc2 Qc7 30. Nd1 Ra8 31. Nc3 Bd8 32. Rf1 Nd7 33. Rfb1 Nc5 34. Rf1 Bf6 35.
Bf2 Qd8 36. Rfb1 Rba7 37. Rxb6 Nxa4 38. Nxa4 Rxa4 39. R1b2 Qc7 40. Kg2 Ra1 41. Rb1 Rxb1 42. Qxb1 Bd8 43. Rb2 Qa5 44. Bg4 Qa3 45. Rb8 Qa6 46. Kh3 Qa7 47. Rxa8 Qxa8 48. Qb4 c5 49. Qb2 Ba5 50. Be3 Bd7 51. Be2 Bb4 52. Kg2 Bc6 53.
Bd1 Qa5 54. Bb3 Kh7 55. Qa2 Qb6 56. Ba4 Qa5 57. Bb3 Qc7 58. Ba4 Qa7 59. Bb3 Qb7 60. Kf3 g6 61. fxg6+ Kxg6 62. Ba4 Qa8 63. Bb3 Qb7 64. Ba4 f5 65. Bxc6 Qxc6 66. Qa7 fxe4+ 67. dxe4 Qe8 68. Qc7 Qe6 69. Qd8 Qf7+ 70. Ke2 Qxc4+ 71. Kf3 Qf7+ 72. Ke2 Qe6 73. Qf8 c4 74. Qd8 c3 75.
Kd3 Qf7 76. Qd7 Qxd7 0-1

[Event "*** Qualifier 1: Titled Tuesday 3|2 Blitz"]
[Site "Chess.com"]
[Date "2017.04.04"]
[Round "3"]
[White "GrigorGrigorov"]
[Black "HaryKane"]
[Result "1/2-1/2"]
[WhiteElo "2514"]
[BlackElo "2401"]
[TimeControl "180+2"]
[EndTime "13:40:55 PDT"]
[Termination "Game drawn - insufficient material"]

1. d4 Nf6 2. c4 e6 3. Nc3 Bb4 4.
e3 b6 5. Ne2 Bb7 6. a3 Bxc3+ 7.
Nxc3 O-O 8. Bd3 c5 9. d5 exd5 10.
cxd5 h6 11. e4 Re8 12. O-O c4 13. Bc2 d6 14. Be3 Nbd7 15. Bd4 Nc5 16. Re1 Nfd7 17. f4 Qh4 18. g3 Qh3 19. Nb5 f5 20. Nxd6 fxe4 21.
Nxb7 Nxb7 22. Bxe4 Nd6 23. Bg2 Qf5 24. Re6 Nb5 25. Bf2 Nc5 26. Bxc5 bxc5 27. Qe2 Kf7 28. Qxc4 Nd4 29. Qxc5 Qd3 30. Qc7+ Kg8 31. Rae1 Nxe6 32.
dxe6 Qd4+ 33. Kh1 Rac8 34. Qf7+ Kh8 35. e7 Qf6 36. Qxf6 gxf6 37. Bd5 Rc7 38. Re6 Kg7 39. Kg2 Rexe7 40. Ra6 Re2+ 41. Kf3 Rxb2 42. h4 h5 43. Ke4 Re2+ 44. Kf5 Rb2 45. Rxf6 Rb6 46. Rxb6 axb6 47. Bf3 Rc3 48. Bxh5 Rxg3 49. a4 Rh3 50. Kg4 Rd3 51. Be8 Kf6 52. h5 Rd8 53. Bb5 Rh8 54. Bd3 Rg8+ 55. Kf3 Ra8 56. Bc2 Rh8 57. Kg4 Rg8+ 58. Kf3 Rc8 59. Bd3 Rc3 60. Ke4 Ra3 61. Bb5 Ra1 62. Kd5 Rc1 63. Be8 Kf5 64. Bg6+ Kxf4 65.
h6 Kg5 66. h7 Rc8 67. Bd3 Kh6 68. Bf5 Rc5+ 69. Kd6 Kg7 70. Bd3 Rc3 71. Be4 Rc4 72. Bc6 Kxh7 73. Kc7 Rb4 74. Bb5 Kg7 75. Kxb6 Rxa4 76.
Bxa4 1/2-1/2

[Event "*** Qualifier 1: Titled Tuesday 3|2 Blitz"]
[Site "Chess.com"]
[Date "2017.04.04"]
[Round "3"]
[White "TooOldTooSlow70"]
[Black "GeorgMeier"]
[Result "0-1"]
[WhiteElo "2267"]
[BlackElo "2712"]
[TimeControl "180+2"]
[EndTime "13:40:58 PDT"]
[Termination "GeorgMeier won by resignation"]

1. Nf3 d5 2. d4 Nf6 3. c4 e6 4.
Nc3 dxc4 5. e4 Bb4 6. Bg5 h6 7. Bxf6 Qxf6 8. Bxc4 c5 9. O-O cxd4 10. Nb5 Qe7 11. a3 Bc5 12. b4 Bb6 13. e5 O-O 14.
Qe2 Rd8 15. Rad1 Bd7 16. Nbxd4 Nc6 17. Nb5 a5 18. Bd3 axb4 19. Qe4 g6 20. axb4 Nxb4 21.
Nd6 Nd5 22. Qg4 Ra4 23. Be4 Bc6 24. Ra1 h5 25. Qg5 Rxe4 26. Nxe4 Kg7 27. Rab1 Bc7 28. Qxe7 Nxe7 29. Rfe1 Nf5 30. Neg5 Rd3 31. Red1 Ra3 32. Ra1 Rb3 33. Rab1 Rc3 34. Rbc1 Ra3 35. Ra1 Rc3 36. Rac1 Rb3 37. Rb1 Rxb1 38. Rxb1 Kf8 39. h3 Ke7 40. Rc1 Bb6 41. Rb1 Bc5 42. Re1 Nd4 43. Nxd4 Bxd4 44. Nf3 Bc3 45. Rc1 Bb2 46. Rb1 Bc3 47. Rb3 Ba5 48.
Nd4 Bd5 49. Rb5 Bc3 50. Nf3 Bc6 51. Rb3 Ba1 52. Rb1 Bc3 53. Rb3 Ba5 54. Nd4 Bd5 55.
Rb5 Bc7 56. Nf3 Kd7 57. Rb4 Bd8 58. Rf4 Ke8 59. Rb4 Be7 60. Rb5 Kd7 61. Nd4 Kc7 62.
Rb2 Bc5 63. Nb5+ Kd7 64. Nd6 Bxd6 65. exd6 Kxd6 66. f4 h4 67. Kf2 Kc5 68. g3 hxg3+ 69. Kxg3 b5 70. Kg4 f6 71. h4 b4 72. h5 gxh5+ 73. Kxh5 Be4 74. Kh6 Kc4 75. Kg7 f5 76.
Kf6 Kc3 77. Rf2 b3 78. Kxe6 b2 0-1